 Dungeon Crawl Stone Soup version 0.30.0-29-ga12c61a403 (webtiles) character file.

Game seed: 4610521016760178176

73 olmar the Insei (level 4, -7/32 HPs)
             Began as a Djinni Transmuter on June 11, 2023.
             Mangled by a gnoll
             ... wielding a +0 spear
              (9 damage)
             ... on level 2 of the Dungeon.
             The game lasted 00:02:59 (1743 turns).

olmar the Insei (Djinni Transmuter)                 Turns: 1743, Time: 00:02:59

Health: -7/32      AC:  2    Str:  9    XL:     4   Next: 51%
Gold:   118        EV: 12    Int: 16    God:
                   SH:  0    Dex: 14

rFire   + +          .
                       - Unarmed
rCold   x . .        (no shield)
rNeg    . . .        a - +0 robe
rPois   ∞            (no helmet)
rElec   .            (no cloak)
rCorr   .            (no gloves)
SInv    .            (boots unavailable)
Will    .....        (no amulet)
Stlth   +            (no ring)
HPRegen 0.25/turn    (no ring)
MPRegen 0.00/turn

%: infuse magic (-8 HP)
@: wereblooded, flying
A: sickness immunity, fire resistance 2, cold vulnerability 1, float, innate
caster, HP casting, extra vitality 1
a: no special abilities


You were on level 2 of the Dungeon.
You visited 1 branch of the dungeon, and saw 2 of its levels.

You collected 118 gold pieces.

Inventory:

Armour
 a - a +0 robe (worn)
Scrolls
 g - 2 scrolls of vulnerability {unknown}
 h - a scroll of teleportation {unknown}
 i - a scroll of blinking {unknown}
 j - a scroll of silence {unknown}
 n - a scroll of noise {unknown}
 q - a scroll of identify
Potions
 b - a potion of lignification
 c - 2 potions of heal wounds {unknown}
 d - a potion of mutation {unknown}
 e - 2 potions of curing
 f - a potion of degeneration {unknown}
 k - a potion of attraction {unknown}
 l - 2 potions of flight {unknown}
 m - a potion of ambrosia {unknown}
 p - a potion of magic {unknown}


   Skills:
 + Level 1.2 Fighting
 + Level 2.5 Dodging
 - Level 0.3 Stealth
 + Level 4.1 Unarmed Combat
 + Level 2.1 Spellcasting


You knew the following spells:

 Your Spells              Type           Power      Damage    Failure   Level
a - Beastly Appendage     Tmut           16%        N/A       9%          1
b - Wereblood             Tmut           8%         N/A       13%         2
c - Spider Form           Tmut/Pois      8%         N/A       26%         3
d - Ice Form              Ice/Tmut       8%         N/A       63%         4
e - Sandblast             Erth           16%        2d6       9%          1
Your spell library was empty.

Dungeon Overview and Level Annotations

Branches:
Dungeon (2/15)

Altars:


Innate Abilities, Weirdness & Mutations

You are immune to sickness and miasma.
You are immune to poison.
Your flesh is very heat resistant. (rF++)
You are vulnerable to cold. (rC-)
You float through the air rather than walking.
You learn spells naturally, not from books.
Your magical power is your life essence.
You have superior vitality. (+4 MHP)


Message History

Aim: a gnoll, wielding a +0 spear (moderately wounded, 83% to hit)
The blast of sand hits the gnoll but does no damage.
The gnoll is severely wounded.
The gnoll barely misses you. The gnoll misses you.
Unknown command.
Casting: Sandblast (safe; 9% risk of failure)
Confirm with . or Enter, or press ? or * to list all spells.
Aiming: Sandblast (safe; 9% risk of failure)
Press: ? - help, Shift-Dir - straight line, f - gnoll, p - gnoll
Aim: a gnoll, wielding a +0 halberd (severely wounded, 83% to hit)
The blast of sand misses the gnoll.
The blast of sand hits the gnoll.
The gnoll is almost dead.
The gnoll misses you.
Unknown command.
Casting: Sandblast (safe; 9% risk of failure)
Confirm with . or Enter, or press ? or * to list all spells.
Aiming: Sandblast (safe; 9% risk of failure)
Press: ? - help, Shift-Dir - straight line, f/p - gnoll
Aim: a gnoll, wielding a +0 halberd (severely wounded, 83% to hit)
The blast of sand misses the gnoll.
The blast of sand hits the gnoll.
You kill the gnoll!
The gnoll closely misses you. The gnoll barely misses you.
Unknown command.
Casting: Sandblast (safe; 9% risk of failure)
Confirm with . or Enter, or press ? or * to list all spells.
Aiming: Sandblast (safe; 9% risk of failure)
Press: ? - help, Shift-Dir - straight line, f/p - gnoll
Aim: a gnoll, wielding a +0 halberd (severely wounded, 83% to hit)
The blast of sand hits the gnoll.
You kill the gnoll!
You howl as the wereblood boils in your veins!
Unknown command.
The gnoll completely misses you.
You completely miss the gnoll. The gnoll hits you with a +0 spear!
* * * LOW HITPOINT WARNING * * *
You hit the gnoll.
The gnoll is moderately wounded.
You howl as the wereblood boils in your veins!
The gnoll hits you with a +0 spear!
You die...

##################
.................#
################.# #@# #g#
######## #)# #.......
#.#########.......
#)#.......#.......
#.#.#####.#.......
######.#.#####.#.......
###########......#.....#.#.......
..........'................>.....


You could see a gnoll.

Vanquished Creatures
  3 gnolls (D:2)
  2 worms (D:2)
  A dart slug (D:1)
  2 ball pythons (D:1)
  3 endoplasms
  A giant cockroach (D:1)
  A goblin (D:1)
  4 hobgoblins
  4 jackals (D:2)
  2 kobolds
  3 quokkas
  3 bats
  2 frilled lizards
  4 rats
35 creatures vanquished.

Notes
Turn   | Place    | Note
-------+----------+-------------------------------------------
     0 | D:1      | olmar the Djinni Transmuter began the quest for the Orb.
     0 | D:1      | olmar set off with the following spells memorised: Beastly
                  | Appendage, Wereblood, Spider Form, Ice Form.
     0 | D:1      | Reached XP level 1. HP: 17/17 MP: 0/0
   174 | D:1      | Found a faded altar of an unknown god.
   344 | D:1      | Reached XP level 2. HP: 10/22 MP: 0/0
   606 | D:1      | Reached XP level 3. HP: 22/27 MP: 0/0
   606 | D:1      | Learned a level 1 spell: Sandblast
  1718 | D:2      | Reached skill level 4 in Unarmed Combat
  1718 | D:2      | Reached XP level 4. HP: 32/32 MP: 0/0
  1743 | D:2      | Mangled by a gnoll

Illustrated notes

Levels and vault maps discovered:
D:1:      minmay_arrival_pointy, layout_rooms,
          shapermc_ecumenical_altar_flowoftime
D:2:      layout_basic

Skill      XL: |  1  2  3 |
---------------+----------+-----
Spellcasting   | 2 |  2.1
Unarmed Combat | 4 |  4.1
Fighting       | |  1.2
Dodging        | |  2.5
Stealth        | |  0.3

Action                     |  1- 3 |  4- 6 || total
---------------------------+-------+-------++-------
  Melee: Unarmed           |   150 |     2 ||   152
         Headbutt          |    15 |       ||    15
         Punch             |     1 |       ||     1
  Throw: Dart              |     6 |       ||     6
   Cast: Beastly Appendage |    10 |       ||    10
         Wereblood         |     5 |     1 ||     6
         Sandblast         |       |     5 ||     5
    Use: Scroll            |     1 |       ||     1
   Stab: Sleeping          |     1 |       ||     1
 Armour: Robe              |    16 |       ||    16
  Dodge: Dodged            |    70 |     6 ||    76
